 Dungeon Crawl Stone Soup version 0.26-a0-631-ged93497179 (webtiles) character file.

Game seed: 11205750240116485386

51 DogServant the Vandal (level 4, -1/30 HPs)
             Began as a Halfling Hunter on Sept 12, 2020.
             Slain by a worker ant (4 damage)
             ... on level 4 of the Dungeon.
             The game lasted 00:04:14 (1716 turns).

DogServant the Vandal (Halfling Hunter)             Turns: 1716, Time: 00:04:14

Health: -1/30      AC:  3    Str: 14    XL:     4   Next: 7%
Magic:  4/4        EV: 15    Int:  9    God:
Gold:   73         SH:  0    Dex: 14    Spells: 3/3 levels left

rFire    . . .     SeeInvis .   f - +2 dagger (protect)
rCold    . . .     Faith    .   (shield restricted)
rNeg     . . .     Spirit   .   c - +0 leather armour
rPois    .         Reflect  .   (no helmet)
rElec    .         Harm     .   (no cloak)
rCorr    .         Rampage  .   (no gloves)
MR       .....                  (no boots)
Stlth    +.........             (no amulet)
HPRegen  0.10/turn              (no ring)
MPRegen  0.09/turn              (no ring)

@: no status effects
A: small, mutation resistance 1
a: no special abilities


You were on level 4 of the Dungeon.
You visited 1 branch of the dungeon, and saw 4 of its levels.

You collected 73 gold pieces.

Inventory:

Hand Weapons
 a - a +1 hunting sling
 b - a +0 short sword
 f - a +2 dagger of protection (weapon)
Missiles
 d - 18 sling bullets
 j - 19 stones (quivered)
Armour
 c - a +0 leather armour (worn)
Scrolls
 e - a scroll of enchant weapon
 k - a scroll of magic mapping
 m - a scroll of remove curse {unknown}
 n - a scroll of enchant armour {unknown}
 o - a scroll of blinking {unknown}
 p - a scroll of teleportation {unknown}
Potions
 l - a potion of magic


   Skills:
 + Level 2.5 Fighting
 + Level 1.1 Short Blades
 * Level 6.6 Slings
 - Level 0.2 Armour
 + Level 2.6 Dodging
 - Level 1.1 Stealth


You had 3 spell levels left.
You didn't know any spells.
Your spell library was empty.

Dungeon Overview and Level Annotations

Branches:
Dungeon (4/15)
 Temple: D:4-7

Altars:
Sif Muna

Annotations:
D:2 Sigmund
D:3 Robin


Innate Abilities, Weirdness & Mutations

You are small and have problems with some larger weapons.
You are somewhat resistant to further mutation.


Message History

You close the door.
A leopard gecko is nearby!
Your +2 dagger of protection goes still.
a - a +1 hunting sling (weapon)
Firing (i - inventory. (/) - cycle)
d - 19 sling bullets (quivered)
Press: ? - help, Shift-Dir - straight line, f - worker ant
Aim: a worker ant You shoot a sling bullet.
The sling bullet closely misses the worker ant.
Your +2 dagger of protection hums with potential!
f - a +2 dagger of protection (weapon)
The worker ant barely misses you.
Okay, then.
Okay, then.
You closely miss the worker ant. The worker ant bites you.
* * * LOW HITPOINT WARNING * * *
As you read the scroll labeled TET QUASCHEE, it crumbles to dust.
You feel aware of your surroundings.
You sensed 1 altar, and 1 shop/portal.
It was a scroll of magic mapping.
The worker ant bites you.
You die...

,,,,,,,,,,,**,,,,,,,,,,,,,,**,,,,
,,,,,,,,,,.##..........,,,,**,,,,
,,,,,,,,,,,....#......,,,,,**,,,,
,,,,,,,,,,,,.........,,,,,,**,,,,
,,,,,,,,,,,,,.......,,,,,,,**,,,,
**,,,,,,.,,,,,.....,,,*,,,,**,,,,
*,,,,,,,..,,,,,.a.,,,,*,,,,**,,,,
*,,,,,,,#..,***#+#,,,,*,,,,,,,>,,
*,,,,,,,....,* #@#,,,,.,,,,,,,,,,
*,,,,,,,.....###a#,,..#*,,,,,,,,,
+,,,,,,,.........#....#*,,,,,,,**
*,,,,,,,.......<....+***,,,,,,,*,
,,,,,,,,............+* *,,,,,,,*,
,,,,,,,,.!..........#***,,,,,,,,,
,,**,**,..#..l.........*,,,***,,,
*,**,,+,.,+.....(......***** *,,,
*,*,,,*,,,#........$....,,*****,*


You could see a worker ant and a leopard gecko.

Vanquished Creatures
  A worker ant (D:3)
  2 oozes
  A dart slug (D:3)
  An orc (D:3)
  4 goblins
  A hobgoblin (D:3)
  3 bats
  2 kobolds
  3 rats
18 creatures vanquished.

Notes
Turn   | Place    | Note
-------+----------+-------------------------------------------
     0 | D:1      | DogServant the Halfling Hunter began the quest for the Orb.
     0 | D:1      | Reached XP level 1. HP: 14/14 MP: 1/1
   137 | D:1      | Reached XP level 2. HP: 11/19 MP: 2/2
   151 | D:1      | Reached skill level 6 in Slings
  1277 | D:2      | Noticed Sigmund
  1310 | D:3      | Reached XP level 3. HP: 24/24 MP: 3/3
  1369 | D:3      | Found a shimmering blue altar of Sif Muna.
  1471 | D:3      | Reached skill level 1 in Short Blades
  1491 | D:3      | Reached XP level 4. HP: 26/30 MP: 4/4
  1695 | D:3      | Noticed Robin
  1716 | D:4      | Slain by a worker ant

Illustrated notes

Levels and vault maps discovered:
D:1:      minmay_arrival_radiant_lines, layout_basic, minmay_pentomino_x2
D:2:      layout_basic, uniq_jessica, uniq_sigmund
D:3:      layout_loops_cross, nicolae_overflow_hidden_temple, grunt_decor_cap,
          grunt_decor_clamped, led_sif_pool, uniq_robin
D:4:      layout_basic, enter_ossuary_3,
          nicolae_dithmenos_through_a_glass_darkly

Skill      XL: |  1  2  3 |
---------------+----------+-----
Fighting       | 2 |  2.5
Slings         | 6 |  6.6
Short Blades   | 1 |  1.1
Armour         | |  0.2
Dodging        | |  2.6
Stealth        | |  1.1

Action                   |  1- 3 |  4- 6 || total
-------------------------+-------+-------++-------
Melee: Short sword       |    51 |    24 ||    75
       Dagger            |       |    19 ||    19
 Fire: Hunting sling     |    10 |     1 ||    11
  Use: Potion            |     3 |     1 ||     4
       Scroll            |       |     4 ||     4
 Stab: Sleeping          |     1 |       ||     1
Armor: Leather armour    |    18 |    10 ||    28
Dodge: Dodged            |    44 |    24 ||    68

Table legend: (Time is in decaauts)
 A = Elapsed time spent in this place.
 B = Non-inter-level travel time spent in this place.
 C = Inter-level travel time spent in this place.
 D = Time resting spent in this place.
 E = Time spent auto-exploring this place.
 F = Levels seen in this place.
 G = Mean time per level.
                   A        B        C        D        E       F      G
               +--------+--------+--------+--------+--------+-----+--------+
         Total |   1706 |   1700 |      6 |      0 |   1449 |   4 |  426.5 |
       Dungeon |   1706 |   1700 |      6 |      0 |   1449 |   4 |  426.5 |
               +--------+--------+--------+--------+--------+-----+--------+

Top non-repeatable levels by time:
     D:1: 957 daAuts
     D:3: 395 daAuts
     D:2: 340 daAuts
     D:4: 12 daAuts
